 Dungeon Crawl Stone Soup version 0.18.1-48-g4cf74bf (webtiles) character file.

67 nicanaca0 the Sneak (level 3, 5/16 HPs)
             Began as a Spriggan Enchanter on June 24, 2016.
             Quit the game on level 2 of the Dungeon.
             The game lasted 00:04:29 (1730 turns).

nicanaca0 the Sneak (Spriggan Enchanter)            Turns: 1730, Time: 00:04:30

Health: 5/16       AC:  3    Str:  4    XL:     3   Next: 98%
Magic:  2/8        EV: 18    Int: 16    God:
Gold:   32         SH:  0    Dex: 17    Spells: 3 memorised, 1 level left

rFire  . . .     SeeInvis +     a - +1 dagger
rCold  . . .     Gourm    .     b - +1 robe
rNeg   . . .     Faith    +     (shield restricted)
rPois  .         Spirit   .     (helmet restricted)
rElec  .         Dismiss  .     (no cloak)
rCorr  .         Reflect  .     (gloves unavailable)
SustAt .         Harm     .     (boots unavailable)
MR     .....                    m - amulet of faith
Stlth  +++.......               (no ring)
                                (no ring)

@: lethally poisoned (5 -> 0), very quick, not resistant to hostile
enchantments, fairly stealthy
A: unfitting armour, see invisible, herbivore 3, speed 3, slow metabolism 2
a: no special abilities


You were on level 2 of the Dungeon.
You were not hungry.

You visited 1 branch of the dungeon, and saw 2 of its levels.

You collected 32 gold pieces.

Inventory:

Hand Weapons
 a - a +1 dagger (weapon)
 f - a +0 hand axe
Armour
 b - a +1 robe (worn)
Jewellery
 m - an amulet of faith (around neck)
Scrolls
 e - a scroll of recharging {unknown}
 i - a scroll of magic mapping {unknown}
 k - 2 scrolls of enchant armour {unknown}
 n - a scroll of identify {unknown}
 o - a scroll of enchant weapon {unknown}
 p - a scroll of fear {unknown}
 q - a scroll of remove curse {unknown}
Potions
 h - 3 potions of brilliance {unknown}
 j - 2 potions of heal wounds {unknown}
 l - a potion of ambrosia {unknown}
Books
 c - a book of Maledictions

   Spells                             Type                      Level
   a - Corona                         Hexes                        1
   b - Ensorcelled Hibernation        Hexes/Ice                    2
   c - Confuse                        Hexes                        3
   d - Tukima's Dance                 Hexes                        3
   e - Dazzling Spray                 Conjuration/Hexes            3
Comestibles
 d - 3 bread rations
 g - a slice of pizza


   Skills:
 + Level 3.8 Short Blades
 - Level 3.0 Dodging
 - Level 5.1 Stealth
 - Level 2.6 Spellcasting
 + Level 3.6 Hexes


You had one spell level left.
You knew the following spells:

 Your Spells              Type           Power        Failure   Level  Hunger
c - Confuse               Hex            ##......     14%         3    ###....
x - Ensorcelled Hibernat  Hex/Ice        #.....       17%         2    ##.....
z - Corona                Hex            ##.....      6%          1    #......


Dungeon Overview and Level Annotations

Branches:
Dungeon (2/15)

Altars:
Kikubaaqudgha


Innate Abilities, Weirdness & Mutations

You are tiny and cannot use many weapons and most armour.
You have supernaturally acute eyesight.
You are a herbivore.
You cover ground extremely quickly.
You need consume almost no food.


Message History

* * * LOW HITPOINT WARNING * * *
You are poisoned.
The adder poisons you!
You hit the adder.
The adder is moderately wounded.
You feel sick. The adder misses you.
You completely miss the adder.
The adder is moderately wounded.
The adder closely misses you.
You hit the adder but do no damage.
The adder is moderately wounded.
You feel sick. The adder misses you.
You closely miss the adder.
The adder is moderately wounded.
The adder completely misses you.
You miss the adder.
The adder is moderately wounded.
The adder bites you.
* * * LOW HITPOINT WARNING * * *
Are you sure you want to abandon this character and quit the game? (Confirm with "yes".)

#.##.# #.#(.## #....#
#.#.##. ###..#
#########.#.##. #..#
###..........#....
#..#######..≈....⌠.S..#.##.
#...........≈≈≈....#....##.
##.#######.g≈≈≈... #.....##
#.# #..≈≈≈≈.. #%.....# #.#
#@≈≈≈≈≈≈. #....#.# #.#
#.S.≈....≈ #....### ...
#.r⌠....._ #....# ...
#....##... #.#### .. #...##
### #. ##... .. ..## ...


You could see an adder, a quokka and a goblin.

Vanquished Creatures
  3 adders (D:2)
  2 oozes (D:1)
  A dart slug (D:2)
  A giant gecko (D:1)
  A giant cockroach (D:1)
  6 goblins
  3 hobgoblins
  4 bats
  4 giant newts
  3 kobolds
  6 rats
34 creatures vanquished.

Notes
Turn   | Place    | Note
--------------------------------------------------------------
     0 | D:1      | nicanaca0 the Spriggan Enchanter began the quest for the Orb.
     0 | D:1      | Reached XP level 1. HP: 9/9 MP: 5/5
   181 | D:1      | Reached XP level 2. HP: 13/13 MP: 6/6
   731 | D:1      | Reached XP level 3. HP: 10/16 MP: 8/8
   863 | D:1      | Learned a level 2 spell: Ensorcelled Hibernation
   867 | D:1      | Learned a level 3 spell: Confuse
  1709 | D:2      | Reached skill level 5 in Stealth
  1714 | D:2      | Found an ancient bone altar of Kikubaaqudgha.
  1730 | D:2      | Quit the game

Skill      XL: |  1  2  3 |
---------------+----------+-----
Short Blades   | 2 3 |  3.8
Stealth        | 5 |  5.1
Dodging        | |  3.0
Spellcasting   | |  2.6
Hexes          | |  3.6

Action                   || total
-------------------------++-------
Melee: Dagger            ||   109
 Cast: Ensorcelled Hiber ||     8
 Stab: Sleeping          ||    17
Armor: Robe              ||    15
Dodge: Dodged            ||    65
